 Dungeon Crawl Stone Soup version 0.29.0-13-gc9e81de378 (webtiles) character file.

Game seed: 1107409153712118532

102 gelatine the Stinger (level 4, 0/46 HPs)
             Began as a Demonspawn Venom Mage on Sept 7, 2022.
             Succumbed to a scorpion's poison
             ... on level 4 of the Dungeon.
             The game lasted 00:11:06 (3897 turns).

gelatine the Stinger (Demonspawn Venom Mage)        Turns: 3897, Time: 00:11:07

Health: 0/46       AC: 22    Str: 14    XL:     4   Next: 49%
Magic:  4/8        EV:  2    Int: 19    God:
Gold:   54         SH:  0    Dex: 13    Spells: 3/9 levels left

rFire   . . .      SeeInvis .   k - +0 mace (protect)
rCold   . . .      Faith    .   (no shield)
rNeg    . . .      Spirit   .   (body armour currently unavailable)
rPois   +          Reflect  .   (helmet currently unavailable)
rElec   .          Harm     .   (cloak currently unavailable)
rCorr   .          Rampage  .   (gloves currently unavailable)
Will    .....      NoTele   +   (boots currently unavailable)
Stlth   +.........              (no amulet)
HPRegen 0.15/turn               h - +6 ring of strength
MPRegen 0.11/turn               (no ring)

@: confused, mighty, lethally poisoned (0 -> -2), tree-form, attractive
A: stationary, stasis, torment immunity, boosted hp, (claws 1)
a: no special abilities


You were on level 4 of the Dungeon.
You were a tree.
You visited 1 branch of the dungeon, and saw 4 of its levels.

You collected 145 gold pieces.
You spent 91 gold pieces at shops.

Inventory:

Hand Weapons
 k - a +0 mace of protection (weapon)
Missiles
 n - 4 boomerangs
Armour
 a - a +0 robe (melded)
Jewellery
 h - a +6 ring of strength (left branch)
Wands
 i - a wand of flame (16)
Scrolls
 e - a scroll of magic mapping
 f - a scroll of teleportation {unknown}
Potions
 b - a potion of magic
 d - 2 potions of haste
 g - 2 potions of heal wounds
 l - a potion of lignification


   Skills:
 * Level 0.7 Fighting
 * Level 2.4 Dodging
 + Level 1.9 Stealth
 + Level 0.2 Unarmed Combat
 + Level 3.0 Spellcasting
 + Level 1.3 Transmutations
 + Level 0.3 Air Magic
 * Level 3.6 Poison Magic


You had 3 spell levels left.
You knew the following spells:

 Your Spells              Type           Power      Damage    Failure   Level
a - Sting                 Tmut/Pois      48%        1d5       5%          1
b - Poisonous Vapours     Pois/Air       20%        N/A       11%         2
c - Mephitic Cloud        Conj/Pois/Air  7%         N/A       26%         3

Your spell library contained the following spells:

 Spells                   Type           Power      Damage    Failure   Level
 Foxfire                  Conj/Fire      8%         2x1d4     16%         1
 Conjure Flame            Conj/Fire      2%         6-21      41%         3
 Inner Flame              Hex/Fire       2%         N/A       41%         3
 Olgreb's Toxic Radiance  Pois           16%        N/A       34%         4
 Flame Wave               Conj/Fire      2%         2d4       83%         4


Dungeon Overview and Level Annotations

Branches:
Dungeon (4/15)
 Temple: D:4-7

Altars:
Fedhas

Shops:
D:3 *


Innate Abilities, Weirdness & Mutations

You are a tree.
Your roots penetrate the ground, keeping you stationary.
You cannot be teleported.
You are immune to unholy pain and torment.
Your maximum health is greatly increased.
Your equipment is partially melded.
((You have sharp fingernails.))


Message History

The scorpion stings you but does no damage.
Something hits you but does no damage.
You hear some strange, mumbled words.
Something tries to affect you, but you resist.
The scorpion stings you but does no damage.
You closely miss the scorpion.
The scorpion is lightly wounded.
You feel sick.
Something hits you but does no damage. x2
The scorpion stings you but does no damage.
Unknown command.
You barely miss the scorpion.
The scorpion is lightly wounded.
You feel sick. The scorpion stings you.
* * * LOW HITPOINT WARNING * * *
You hear some strange, mumbled words.
A magic dart appears from out of thin air!
The magic dart hits you but does no damage.
Something hits you.
* * * LOW HITPOINT WARNING * * *
The scorpion stings you but does no damage.
Something hits you but does no damage.
You hear some strange, mumbled words.
You are confused.
You cannot move. (Use ctrl+direction or * direction to attack while stationary and confused.) Unknown command.
You cannot move. (Use ctrl+direction or * direction to attack while stationary and confused.) Unknown command.
You cannot move. (Use ctrl+direction or * direction to attack while stationary and confused.)
You swing at nothing.
* * * LOW HITPOINT WARNING * * *
You feel sick.
The scorpion stings you but does no damage.
You hear some strange, mumbled words.
A puff of flame appears from out of thin air!
The puff of flame hits you but does no damage.
Something hits you but does no damage. The scorpion stings you.
* * * LOW HITPOINT WARNING * * *
You miss the scorpion.
The scorpion is lightly wounded.
You die...

..g.##..#### #.
.. .....
#.##.######..##
## ....... ....
.. ...... .....
#.###.#.[ ..###
.....#o# .#.
#.{#s# #.<♣.#
######


You could see a scorpion and an orc.

Vanquished Creatures
  5 adders
  A worm (D:3)
  A dart slug (D:1)
  2 orcs (D:4)
  5 endoplasms
  3 giant cockroaches
  2 goblins
  6 hobgoblins
  2 kobolds (D:1)
  4 quokkas
  6 ball pythons
  4 bats
  3 frilled lizards
  A rat (D:1)
45 creatures vanquished.

Notes
Turn   | Place    | Note
-------+----------+-------------------------------------------
     0 | D:1      | gelatine the Demonspawn Venom Mage began the quest for the
                  | Orb.
     0 | D:1      | Reached XP level 1. HP: 13/13 MP: 3/3
   295 | D:1      | Reached skill level 1 in Transmutations
   526 | D:1      | Gained mutation: You have sharp fingernails. [demonic
                  | ancestry]
   526 | D:1      | Reached XP level 2. HP: 19/19 MP: 1/5
   621 | D:1      | Found a faded altar of an unknown god.
  1488 | D:2      | Learned a level 2 spell: Poisonous Vapours
  1519 | D:2      | Reached XP level 3. HP: 24/24 MP: 1/6
  2919 | D:3      | Reached XP level 4. HP: 30/30 MP: 3/8
  3118 | D:3      | Found Xyts's Assorted Antiques.
  3133 | D:3      | Bought a fizzy red potion for 22 gold pieces
  3133 | D:3      | Bought a scroll labelled ATIEWO VOL MOMURI for 25 gold
                  | pieces
  3133 | D:3      | Bought a fizzy red potion for 22 gold pieces
  3133 | D:3      | Bought a smoky orange potion for 22 gold pieces
  3726 | D:3      | Found a blossoming altar of Fedhas.
  3853 | D:3      | Learned a level 3 spell: Mephitic Cloud
  3874 | D:4      | Noticed a scorpion
  3896 | D:4      | HP: 2/46 [poisoned by a scorpion]
  3897 | D:4      | Succumbed to a scorpion's poison

Illustrated notes

Levels and vault maps discovered:
D:1:      psy_arrival_whirlpool, layout_basic, ebering_ecumenical_altar_mist,
          chequers_serial_rivers_large_b, nrook_mini_vaults
D:2:      layout_rooms, dreamdust_princess_bridge, grunt_decor_cap,
          minmay_misc_feat_enclosed, kennysheep_generic_room_9
D:3:      layout_basic, lemuel_doored_altar, serial_shops, nicolae_shop_trees,
          interstate_on_off, minmay_misc_feat_room, nicolae_figureground_pulse
D:4:      layout_basic, gammafunk_temple_overflow_wave,
          gammafunk_ghost_nasty_kobolds, kennysheep_cross_room

Skill      XL: |  1  2  3  4 |
---------------+-------------+-----
Dodging        | 2 |  2.4
Transmutations | 1 |  1.3
Spellcasting   | 3 |  3.0
Fighting       | |  0.7
Stealth        | |  1.9
Unarmed Combat | |  0.2
Air Magic      | |  0.3
Poison Magic   | |  3.6

Action                   |  1- 3 |  4- 6 || total
-------------------------+-------+-------++-------
Melee: Unarmed           |    42 |       ||    42
       Mace              |       |    38 ||    38
 Cast: Sting             |    61 |    13 ||    74
       Poisonous Vapours |    16 |     6 ||    22
       Mephitic Cloud    |       |     1 ||     1
  Use: Scroll            |       |     6 ||     6
       Potion            |       |     4 ||     4
Armor: Robe              |    27 |    17 ||    44
       Skin              |       |    39 ||    39
Dodge: Dodged            |    70 |    30 ||   100
